 Dungeon Crawl Stone Soup version 0.26-a0-612-gd4d190f45e (webtiles) character file.

Game seed: 14349862220566899163

8 DogServant the Vandal (level 2, 18/18 HPs)
             Began as a Halfling Arcane Marksman on Sept 10, 2020.
             Quit the game on level 1 of the Dungeon.
             The game lasted 00:01:06 (317 turns).

DogServant the Vandal (Halfling Arcane Marksman)     Turns: 317, Time: 00:01:07

Health: 18/18      AC:  2    Str: 11    XL:     2   Next: 15%
Magic:  3/3        EV: 15    Int: 11    God:
Gold:   13         SH:  0    Dex: 14    Spells: 2/3 levels left

rFire    . . .     SeeInvis .   a - +0 hunting sling
rCold    . . .     Faith    .   (shield restricted)
rNeg     . . .     Spirit   .   e - +0 robe
rPois    .         Reflect  .   (no helmet)
rElec    .         Harm     .   (no cloak)
rCorr    .                      (no gloves)
MR       .....                  (no boots)
Stlth    +.........             (no amulet)
HPRegen  0.06/turn              (no ring)
MPRegen  0.08/turn              (no ring)

@: no status effects
A: small, mutation resistance 1
a: no special abilities


You were on level 1 of the Dungeon.
You visited 1 branch of the dungeon, and saw 1 of its levels.

You collected 13 gold pieces.

Inventory:

Hand Weapons
 a - a +0 hunting sling (weapon)
Missiles
 d - 15 sling bullets (quivered)
Armour
 e - a +0 robe (worn)
Potions
 b - a potion of flight {unknown}


   Skills:
 + Level 0.9 Fighting
 + Level 3.2 Slings
 + Level 2.3 Dodging
 - Level 1.1 Spellcasting
 - Level 2.6 Hexes


You had 2 spell levels left.
You knew the following spells:

 Your Spells              Type           Power        Failure   Level
a - Corona                Hex            #......      11%         1

Your spell library contained the following spells:

 Spells                   Type           Power        Failure   Level
 Slow                     Hex            #.......     17%         2
 Inner Flame              Hex/Fire       #.......     50%         3
 Portal Projectile        Hex/Tloc       #.....       50%         3
 Cause Fear               Hex            #.........   73%         4
 Leda's Liquefaction      Hex/Erth       #.........   88%         4


Dungeon Overview and Level Annotations

Branches:
Dungeon (1/15)

Altars:


Innate Abilities, Weirdness & Mutations

You are small and have problems with some larger weapons.
You are somewhat resistant to further mutation.


Message History

Found a dagger.
You now have 13 gold pieces (gained 3).
A bat comes into view.
Firing (i - inventory)
d - 17 sling bullets (quivered)
Press: ? - help, Shift-Dir - straight line, f - bat
Aim: a bat (asleep)
You shoot a sling bullet. The sling bullet hits the bat.
You kill the bat!
Found a stone staircase leading down.
A rat comes into view.
Firing (i - inventory)
d - 16 sling bullets (quivered)
Press: ? - help, Shift-Dir - straight line, f - rat
Aim: a rat You shoot a sling bullet.
The sling bullet hits the rat.
You kill the rat!
Unknown command.
Okay, then.
Quiver which item? (- for none, * to show all) (? for menu, Esc to quit)
Okay, then.
Are you sure you want to abandon this character and quit the game? (Confirm with "yes".)

##.# #. #..# #. #.## #.
#.# #. ### #.# ###. .†#
#.# ... #.# #.#
.>####.####.# #.###
.......@..#.#######...#
..####.##........##.#.##
#( #............... #.
#............... #.
#..........).... #.
#............... #.
#......≈≈≈≈≈.§.. ..
#....≈≈≈≈§≈≈≈≈..
#..≈≈≈≈≈≈≈§§§≈≈§


There were no monsters in sight!

Vanquished Creatures
  A goblin (D:1)
  A hobgoblin (D:1)
  3 kobolds (D:1)
  A bat (D:1)
  A rat (D:1)
7 creatures vanquished.

Vanquished Creatures (others)
  A ball python (D:1)
1 creature vanquished.

Grand Total: 8 creatures vanquished

Notes
Turn   | Place    | Note
-------+----------+-------------------------------------------
     0 | D:1      | DogServant the Halfling Arcane Marksman began the quest for
                  | the Orb.
     0 | D:1      | Reached XP level 1. HP: 12/12 MP: 2/2
    93 | D:1      | Reached XP level 2. HP: 8/18 MP: 3/3
   317 | D:1      | Quit the game

Illustrated notes

Levels and vault maps discovered:
D:1:      lightli_arrival_isolated_outpost, layout_loops_ring,
          hangedman_decor_growths, chequers_serial_rivers_small_a,
          lemuel_old_faithful

Action                   || total
-------------------------++-------
 Fire: Hunting sling     ||    17
Dodge: Dodged            ||     1

Table legend: (Time is in decaauts)
 A = Elapsed time spent in this place.
 B = Non-inter-level travel time spent in this place.
 C = Inter-level travel time spent in this place.
 D = Time resting spent in this place.
 E = Time spent auto-exploring this place.
 F = Levels seen in this place.
 G = Mean time per level.
                   A        B        C        D        E       F      G
               +--------+--------+--------+--------+--------+-----+--------+
         Total |    319 |    319 |      0 |      0 |    278 |   1 |  319.0 |
       Dungeon |    319 |    319 |      0 |      0 |    278 |   1 |  319.0 |
               +--------+--------+--------+--------+--------+-----+--------+

Top non-repeatable levels by time:
     D:1: 319 daAuts
